 Dungeon Crawl Stone Soup version 0.20.1-1-g8b1a95d (webtiles) character file.

119 vineage the Slasher (level 4, 0/33 HPs)
             Began as a Demonspawn Gladiator on Aug 30, 2017.
             Slain by an orc priest (3 damage)
             ... on level 3 of the Dungeon.
             The game lasted 00:03:26 (2029 turns).

vineage the Slasher (Demonspawn Gladiator)          Turns: 2029, Time: 00:03:27

Health: 0/33       AC:  4    Str: 21    XL:     4   Next: 74%
Magic:  4/4        EV: 13    Int:  9    God:
Gold:   91         SH:  0    Dex: 14    Spells: 3/3 levels left

rFire    + . .     SeeInvis .   a - +0 long sword
rCold    + . .     Gourm    +   (no shield)
rNeg     . . .     Faith    .   b - +0 leather armour
rPois    .         Spirit   .   c - +0 helmet
rElec    .         Reflect  .   o - scarf {rC+ rF+}
rCorr    .         Harm     .   (no gloves)
MR       .....                  (no boots)
Stlth    +.........             i - amulet of the gourmand
Regen    0.2/turn               (no ring)
MPRegen  0.1/turn               (no ring)

@: mighty
A: powered by pain 1
a: no special abilities


You were on level 3 of the Dungeon.
You were not hungry.

You visited 1 branch of the dungeon, and saw 3 of its levels.

You collected 91 gold pieces.

Inventory:

Hand Weapons
 a - a +0 long sword (weapon)
Missiles
 d - 3 throwing nets (quivered)
Armour
 b - a +0 leather armour (worn)
 c - a +0 helmet (worn)
 o - a scarf of resistance (worn)
Jewellery
 i - an amulet of the gourmand (around neck)
Scrolls
 e - a scroll of teleportation {unknown}
 h - a scroll of immolation {unknown}
 k - a scroll of amnesia {unknown}
 l - a scroll of fog {unknown}
 p - a scroll of identify
 q - a scroll of recharging {unknown}
Potions
 m - a potion of cancellation
 n - a potion of brilliance
Comestibles
 f - 3 bread rations
 g - 2 meat rations
 j - a royal jelly


   Skills:
 + Level 2.2 Fighting
 + Level 3.8 Long Blades
 + Level 2.1 Throwing
 + Level 1.2 Armour
 + Level 3.4 Dodging
 + Level 0.4 Stealth


You had 3 spell levels left.
You didn't know any spells.

Dungeon Overview and Level Annotations

Branches:
Dungeon (3/15)

Altars:


Innate Abilities, Weirdness & Mutations

You sometimes gain a little power by taking damage.


Message History

You are too injured to fight recklessly!
You hit the orc.
The orc is heavily wounded.
The orc barely misses you.
You hit the orc.
You kill the orc!
You barely miss the orc priest.
The orc priest is moderately wounded.
The orc priest barely misses you.
You riposte.
You hit the orc priest.
The orc priest is moderately wounded.
A river rat comes into view.
You hit the orc priest.
The orc priest is severely wounded.
The orc priest invokes the aid of Beogh against you.
Beogh smites you!
* * * LOW HITPOINT WARNING * * *
You focus on the pain.
You feel very mighty all of a sudden. The orc priest hits you.
You die...

####### #.....#
#..<..#####..#
#.....o@..r..#
##.<...######.#
#.......#
#....(..o....o
#..##.##......
#.. ... .#####
#...#.##.#
#...#.# .# #..
... .#


You could see an orc priest and a river rat.

Vanquished Creatures
  A bullfrog zombie (D:2)
  2 adders (D:2)
  A worm (D:2)
  2 dart slugs
  A leopard gecko (D:1)
  3 orcs (D:3)
  A ball python (D:2)
  6 bats
  4 giant cockroaches
  7 goblins
  4 hobgoblins
  3 jackals (D:2)
  11 kobolds
  A quokka (D:2)
  5 frilled lizards
  2 rats
54 creatures vanquished.

Notes
Turn   | Place    | Note
-------+----------+-------------------------------------------
     0 | D:1      | vineage the Demonspawn Gladiator began the quest for the Orb.
     0 | D:1      | Reached XP level 1. HP: 16/16 MP: 1/1
    99 | D:1      | Gained mutation: You sometimes gain a little power by taking damage. [demonic ancestry]
    99 | D:1      | Reached XP level 2. HP: 18/22 MP: 2/2
   686 | D:2      | Reached XP level 3. HP: 27/27 MP: 3/3
  1563 | D:2      | Reached skill level 1 in Armour
  1563 | D:2      | Reached XP level 4. HP: 9/33 MP: 4/4
  2029 | D:3      | Slain by an orc priest

Skill      XL: |  1  2  3 |
---------------+----------+-----
Dodging        | 3 |  3.4
Throwing       | 2 |  2.1
Long Blades    | 3 |  3.8
Armour         | 1 |  1.2
Fighting       | |  2.2
Stealth        | |  0.4

Action                   |  1- 3 |  4- 6 || total
-------------------------+-------+-------++-------
Melee: Long sword        |   105 |    35 ||   140
  Use: Scroll            |     2 |       ||     2
 Stab: Sleeping          |     2 |     1 ||     3
  Eat: Chunk             |     4 |       ||     4
Armor: Leather armour    |    31 |     6 ||    37
Dodge: Dodged            |    78 |    20 ||    98
       Rpst.: Long sword |    25 |     7 ||    32
